 Dungeon Crawl Stone Soup version 0.26.1-11-gd32895ea62 (webtiles) character file.

Game seed: 6300507857874440865

22622 Zeld the Basher (level 12, 0/104 HPs)
             Began as a Purple Draconian Gladiator on June 14, 2021.
             Was a Priest of Qazlal.
             Splashed by a brown ugly thing's acid (7 damage)
             ... on level 13 of the Dungeon.
             The game lasted 00:33:53 (28400 turns).

Zeld the Basher (Purple Draconian Gladiator)       Turns: 28400, Time: 00:33:53

Health: 0/104      AC: 14    Str: 21    XL:     12   Next: 64%
Magic:  16/16      EV: 14    Int:  8    God:    Qazlal [***...]
Gold:   1367       SH: 14    Dex: 14    Spells: 11/11 levels left

rFire    . . .     SeeInvis .   a - +6 flail (protect)
rCold    . . .     Faith    .   q - +0 kite shield
rNeg     . . .     Spirit   .   (armour unavailable)
rPois    .         Reflect  .   l - +2 hat
rElec    .         Harm     .   N - scarf {+Inv}
rCorr    .         Rampage  .   w - +2 pair of gloves
Will     +....                  j - +0 pair of boots
Stlth    +.........             (no amulet)
HPRegen  0.27/turn              G - ring of flight
MPRegen  0.15/turn              (no ring)

@: hasted, very quick
A: breathe power, unfitting armour, cold-blooded, AC +8
a: Breathe Dispelling Energy, Renounce Religion, Evoke Invisibility, Evoke
Flight, Upheaval, Elemental Force


You were on level 13 of the Dungeon.
You worshipped Qazlal.
Qazlal was most pleased with you.
You visited 2 branches of the dungeon, and saw 16 of its levels.
You also visited: Bailey.

You collected 1696 gold pieces.
You spent 329 gold pieces at shops.

Inventory:

Hand Weapons
 a - a +6 flail of protection (weapon)
Missiles
 c - 5 throwing nets (quivered)
 e - 472 stones
 r - 60 poisoned darts
 y - 14 boomerangs
Armour
 j - a +0 pair of boots (worn)
 l - a +2 hat (worn)
 q - a +0 kite shield (worn)
 w - a +2 pair of gloves (worn)
 N - a scarf of invisibility (worn)
Jewellery
 b - an uncursed ring of protection from cold
 d - an uncursed ring of protection from fire
 G - a ring of flight (left hand)
 K - an uncursed ring of resist corrosion
Wands
 p - a wand of iceblast (19)
 C - a wand of enslavement (16)
 O - a wand of flame (21)
 P - a wand of polymorph (7)
Scrolls
 g - 8 scrolls of teleportation
 o - 4 scrolls of magic mapping
 M - 4 scrolls of remove curse
Potions
 f - 3 potions of magic
 k - 7 potions of curing
 n - 2 potions of haste
 s - a potion of resistance
 t - a potion of heal wounds
 A - a potion of invisibility
 B - 2 potions of berserk rage {unknown}
 D - 3 potions of ambrosia {unknown}
 E - a potion of flight {unknown}
 F - a potion of might {unknown}
 H - 2 potions of attraction {unknown}
 R - 2 potions of mutation {unknown}
 S - a potion of brilliance {unknown}
Miscellaneous
 m - a phantom mirror (inert)


   Skills:
 + Level 9.0 Fighting
 * Level 11.5 Maces & Flails
 * Level 10.5 Throwing
 + Level 7.8 Dodging
 - Level 4.0 Shields
 * Level 6.3 Invocations
 * Level 6.1 Evocations


You had 11 spell levels left.
You didn't know any spells.
Your spell library contained the following spells:

 Spells                   Type           Power        Failure   Level
 Summon Small Mammal      Summ           0%           87%         1
 Call Imp                 Summ           0%           95%         2
 Ensorcelled Hibernation  Hex/Ice        0%           95%         2
 Call Canine Familiar     Summ           0%           99%         3
 Summon Guardian Golem    Hex/Summ       0%           99%         3
 Summon Ice Beast         Ice/Summ       0%           100%        4
 Summon Lightning Spire   Summ/Air       0%           100%        4
 Borgnjor's Vile Clutch   Necr/Erth      0%           100%        5
 Silence                  Hex/Air        0%           100%        5
 Conjure Ball Lightning   Conj/Air       0%           100%        6
 Shadow Creatures         Summ           N/A          100%        6
 Tornado                  Air            0%           100%        9


Dungeon Overview and Level Annotations

Branches:
Dungeon (15/15)            Temple (1/1) D:5            Lair (0/6) D:9
    Orc (0/2) D:10         Bailey (visited)
 Vaults: D:13-14     Depths: D:15

Altars:
Ashenzari
Cheibriados
Dithmenos
Elyvilon
Fedhas
Gozag
Hepliaklqana
Kikubaaqudgha
Makhleb
Nemelex Xobeh
Okawaru
Qazlal
Ru
Sif Muna
Trog
Uskayaw
Vehumet
Wu Jian
Xom
Yredelemnul
Zin
The Shining One

Shops:
D:11 *

Annotations:
D:1 1 exclusion
D:10 3 runed translucent doors, Tirrikindir's ghost, journeyman OpFi


Innate Abilities, Weirdness & Mutations

You can breathe bolts of dispelling energy.
Your rich purple scales are hard. (AC +8)
You cannot fit into any form of body armour.
You are cold-blooded and may be slowed by cold attacks.


Message History

As you read the scroll of fear, it crumbles to dust.
You assume a fearsome visage.
The bullfrog looks frightened!
The boulder beetle looks frightened!
The bullfrog looks frightened!
As you read the scroll of magic mapping, it crumbles to dust.
You feel aware of your surroundings.
The boulder beetle leaps!
You hear an angry hiss.
You hear an angry hiss. x2
Okay, then.
Found a lightning rod (4/4).
You feel yourself speed up.
A shadow appears from thin air!
Reactivating autopickup.
You block the shadow's attack.
A brown ugly thing comes into view.
The shadow slips into darkness.
The shadow flickers and vanishes!
Deactivating autopickup; reactivate with Ctrl-A.
The brown ugly thing punches you.
* * * LOW HITPOINT WARNING * * *
You are splashed with acid!
You die...

*#######################*********
,...........{.°.@.......,,,,,,,,*
**#####..####}...u......,,^,,,,,*
* #..# #...####..##*******,* *
#..# #...# *,.# *,* * #..# #...#
*,,* *,* * #..# #...# *,,* *,* *
#..# #...# *,,* *,* * #..# #...#
*,,* *,* * #..# *,,,* *,,* *,*


You could see a brown ugly thing.

Vanquished Creatures
  Harold (D:10)
  A centaur warrior (D:11)
  A two-headed ogre (D:9)
  3 skeletal warriors
  An unseen horror (D:10)
  2 orc knights
  A harpy (D:10)
  2 manticores (D:11)
  3 ugly things
  2 cyclopes
  A freezing wraith (D:11)
  4 kobold demonologists (D:11)
  An efreet (D:11)
  A tengu conjurer (D:10)
  3 trolls
  Prince Ribbit (D:6)
  A meliai zombie (D:15)
  2 shadows
  2 wraiths
  9 yaks
  Eustachio (D:5)
  A wyvern (D:12)
  A steam dragon (D:8)
  2 vampire mosquitoes (D:12)
  Duvessa (D:5)
  An eye of draining (D:11)
  2 ice beasts
  22 orc warriors
  2 black bears (D:9)
  4 sky beasts
  5 ogres
  A necrophage (D:6)
  2 phantoms (D:10)
  8 centaurs
  2 big kobolds
  The ghost of oc3rt the Bolt Thrower, an amateur KoHu of Hepliaklqana (D:3)
  11 bullfrogs
  A gnoll sergeant (D:9)
  A wyvern zombie (D:12)
  Dowan (D:5)
  2 wyvern skeletons
  4 water moccasin skeletons
  A troll zombie (D:10)
  3 scorpions
  5 killer bees (D:7)
  8 wights
  3 electric eels (D:7)
  3 howler monkeys (D:7)
  3 jellies
  A crimson imp (D:6)
  A bullfrog zombie (D:11)
  2 quasits
  2 centaur zombies
  2 centaur skeletons
  9 hounds
  2 orc priests
  15 orc wizards
  2 bullfrog skeletons
  2 iguanas
  Ijyb (D:5)
  7 worker ants
  5 ogre zombies (D:10)
  2 hound zombies
  2 hound skeletons
  A worker ant zombie (D:5)
  6 gnolls
  8 adders
  2 shadow imps
  3 white imps
  2 oozes (D:1)
  5 adder skeletons
  2 worms
  4 dart slugs
  3 leopard geckos
  56 orcs
  A ball python (D:1)
  9 giant cockroaches
  6 goblins
  6 hobgoblins
  11 jackals
  16 kobolds
  4 quokkas
  4 bats
  6 frilled lizards
  A giant cockroach zombie (D:5)
  A goblin skeleton (D:10)
  4 goblin zombies (D:10)
  2 hobgoblin skeletons (D:10)
  2 hobgoblin zombies (D:10)
  A jackal skeleton (D:8)
  2 orc skeletons (D:10)
  8 orc zombies (D:10)
  A quokka skeleton (D:9)
  A quokka zombie (D:8)
  8 rats
385 creatures vanquished.

Vanquished Creatures (collateral kills)
  A skeletal warrior (D:12)
1 creature vanquished.

Vanquished Creatures (others)
  A steam dragon (D:8)
  21 fungi
  16 plants
38 creatures vanquished.

Grand Total: 424 creatures vanquished

Notes
Turn   | Place    | Note
-------+----------+-------------------------------------------
     0 | D:1      | Zeld the Draconian Gladiator began the quest for the Orb.
     0 | D:1      | Reached XP level 1. HP: 17/17 MP: 1/1
    20 | D:1      | Reached XP level 2. HP: 25/25 MP: 2/2
   206 | D:1      | You fall into a shaft and drop 1 floor!
   457 | D:2      | Reached XP level 3. HP: 29/30 MP: 3/3
   497 | D:2      | Found a white marble altar of Elyvilon.
  1899 | D:3      | Reached XP level 4. HP: 33/37 MP: 4/4
  2292 | D:3      | Found an ornate altar of the Wu Jian Council.
  2330 | D:3      | Found a shimmering blue altar of Sif Muna.
  2357 | D:3      | Reached skill level 4 in Maces & Flails
  2461 | D:3      | Found a runed translucent door.
  2462 | D:3      | Noticed oc3rt's ghost (amateur KoHu)
  3300 | D:4      | Found a stormy altar of Qazlal.
  3311 | D:4      | Became a worshipper of Qazlal Stormbringer
  3315 | D:5      | Entered Level 5 of the Dungeon
  3934 | D:5      | Reached XP level 5. HP: 45/45 MP: 5/5
  4627 | D:3      | Killed oc3rt's ghost
  4628 | D:3      | Reached XP level 6. HP: 30/51 MP: 6/6
  5068 | D:4      | Found a sparkling altar of Nemelex Xobeh.
  5069 | D:4      | Found an opulent altar of Gozag.
  5373 | D:4      | Reached * piety under Qazlal
  5780 | D:5      | Reached skill level 5 in Maces & Flails
  5830 | D:5      | Noticed Ijyb
  5849 | D:5      | Killed Ijyb
  5865 | D:5      | Noticed Dowan
  5866 | D:5      | Noticed Duvessa
  6179 | D:4      | Your scales start taking on a rich purple colour.
  6179 | D:4      | Reached XP level 7. HP: 35/58 MP: 7/7
  6588 | D:5      | Killed Duvessa
  6601 | D:5      | Killed Dowan
  6611 | D:5      | Noticed Eustachio
  7001 | D:5      | Killed Eustachio
  7002 | D:5      | Reached skill level 6 in Maces & Flails
  7002 | D:5      | Reached skill level 5 in Throwing
  7402 | D:5      | Found a staircase to the Ecumenical Temple.
  7555 | D:5      | Reached XP level 8. HP: 67/67 MP: 8/8
  7678 | Temple   | Entered the Ecumenical Temple
  8140 | D:6      | Noticed Prince Ribbit
  8174 | D:6      | Killed Prince Ribbit
  8175 | D:6      | Reached skill level 5 in Fighting
  8453 | D:6      | Reached skill level 7 in Maces & Flails
  8790 | D:6      | Reached ** piety under Qazlal
  8796 | D:6      | Reached skill level 5 in Dodging
  8989 | D:6      | Found a burning altar of Makhleb.
  8995 | D:6      | Reached skill level 1 in Shields
  8995 | D:6      | Found a shimmering altar of Xom.
  9208 | D:7      | Noticed a moth of wrath
  9210 | D:7      | Found a bloodstained altar of Trog.
  9390 | D:7      | Reached XP level 9. HP: 53/74 MP: 9/9
 10999 | D:7      | HP: 3/75 [electric eel/bolt of electricity (11)]
 11886 | D:8      | Reached skill level 8 in Maces & Flails
 12038 | D:8      | Reached *** piety under Qazlal
 12140 | D:8      | Found a shimmering blue altar of Sif Muna.
 13194 | D:9      | Reached XP level 10. HP: 55/84 MP: 10/10
 14000 | D:9      | Reached skill level 9 in Maces & Flails
 14329 | D:9      | Found a sacrificial altar of Ru.
 14349 | D:9      | Noticed a brown ugly thing
 14378 | D:9      | Found a glowing silver altar of Zin.
 14378 | D:9      | Found a basalt altar of Yredelemnul.
 14378 | D:9      | Found a hazy altar of Hepliaklqana.
 14466 | D:9      | Noticed a cyclops
 15162 | D:9      | Found a staircase to the Lair.
 15509 | D:9      | Reached **** piety under Qazlal
 16040 | D:9      | Killed a brown ugly thing
 16231 | D:9      | Killed a cyclops
 16689 | D:10     | Entered Level 10 of the Dungeon
 16691 | D:10     | Noticed a two-headed ogre
 16715 | D:9      | Killed a two-headed ogre
 17072 | D:10     | Reached skill level 10 in Maces & Flails
 17698 | D:10     | Found a staircase to the Orcish Mines.
 17723 | D:10     | Found a runed translucent gate.
 17723 | D:10     | Found a runed translucent gate.
 17723 | D:10     | Found a runed translucent gate.
 17731 | D:10     | Found an opulent altar of Gozag.
 17744 | D:10     | Noticed an eight-headed hydra
 17744 | D:10     | Noticed Tirrikindir's ghost (journeyman OpFi)
 17769 | D:10     | Reached XP level 11. HP: 78/92 MP: 11/11
 18092 | D:10     | Reached ***** piety under Qazlal
 18392 | D:10     | Noticed a two-headed ogre
 18691 | D:11     | Reached skill level 1 in Invocations
 18868 | D:11     | Found Cikk's General Store.
 18874 | D:11     | Bought a scroll of remove curse for 45 gold pieces
 18874 | D:11     | Bought 3 scrolls of magic mapping for 157 gold pieces
 18874 | D:11     | Bought a scroll of identify for 30 gold pieces
 18874 | D:11     | Bought a scroll of fear for 52 gold pieces
 18874 | D:11     | Bought a potion of curing for 45 gold pieces
 18965 | D:11     | Found a flagged portal.
 18981 | Bailey   | Entered a bailey
 19115 | Bailey   | Reached skill level 1 in Evocations
 19519 | Bailey   | Noticed an orc knight
 19635 | Bailey   | Killed an orc knight
 19884 | Bailey   | Found a roughly hewn altar of Beogh.
 20067 | D:11     | Noticed an orc knight
 20769 | D:11     | Killed an orc knight
 20918 | D:11     | You fall into a shaft and drop 1 floor!
 20943 | D:12     | Noticed a skeletal warrior
 20948 | D:12     | Noticed a sixfirhy
 21005 | D:12     | Noticed a brown ugly thing
 21029 | D:12     | Killed a brown ugly thing
 21050 | D:12     | Noticed a skeletal warrior
 21057 | D:12     | Noticed a skeletal warrior
 21057 | D:12     | Noticed a skeletal warrior
 21097 | D:11     | Noticed Harold
 21107 | D:11     | Noticed a purple ugly thing
 21426 | D:10     | Noticed a harpy
 21437 | D:10     | Killed a harpy
 23005 | D:11     | Noticed a sun demon
 23398 | D:11     | Reached skill level 11 in Maces & Flails
 23634 | D:11     | Reached XP level 12. HP: 94/103 MP: 15/15
 23641 | D:11     | Reached skill level 10 in Throwing
 24052 | D:11     | Reached skill level 5 in Invocations
 24155 | D:10     | Killed Harold
 24156 | D:10     | Reached skill level 5 in Evocations
 24310 | D:11     | Noticed a centaur warrior
 24327 | D:11     | Killed a centaur warrior
 24688 | D:10     | Identified a scroll of acquirement
 24692 | D:10     | Acquired 663 gold pieces
 28213 | D:12     | You fall into a shaft and drop 3 floors!
 28213 | D:15     | Entered Level 15 of the Dungeon
 28365 | D:13     | Noticed a boulder beetle
 28373 | D:13     | HP: 4/104 [boulder beetle (59)]
 28400 | D:13     | Splashed by a brown ugly thing's acid

Illustrated notes

Levels and vault maps discovered:
D:1:      onia_arrival_handbag, layout_basic, item_on_display_a
D:2:      layout_loops_ring, elyvilon_altar_5
D:3:      layout_basic, lemuel_doored_altar, nzn_wu_jian_contemplation,
          ebering_ghost_reflecting_pool
D:4:      layout_cave_pods, grunt_temple_overflow_opulence,
          overflow_temple_1_default
D:5:      layout_basic, minmay_temple_entry_nine_rooms, uniq_duvessa,
          uniq_eustachio, uniq_ijyb
D:6:      layout_cave_pods, grunt_temple_overflow_champion_of_chaos,
          uniq_prince_ribbit1
D:7:      layout_basic, tgw_trog, serial_bayou_ford_a
D:8:      kennysheep_steamy, layout_basic, basic_altar
D:9:      layout_gridville, nicolae_ru_the_path_less_chosen,
          gammafunk_temple_overflow_claw, grunt_lair_entry_orc_guard_hut,
          minmay_fractal_squares_gapless_7
D:10:     layout_stronghold, zombieorc1_lemuel, ebering_ghost_gozag,
          corexii_corridor_pit
D:11:     minmay_the_grid_square_5x5_4x4_mashed
          [minmay_the_grid_square_5x5_detours, minmay_the_grid_square_5x5_seven,
          minmay_the_grid_square_5x5_beaten_path,
          minmay_the_grid_square_5x5_minibox,
          minmay_the_grid_square_5x5_spiral_small,
          minmay_the_grid_square_5x5_prize_pseudospiral,
          minmay_the_grid_square_5x5_prize_rear_guard,
          minmay_the_grid_square_5x5_two_walls_b,
          minmay_the_grid_square_5x5_hourglass,
          minmay_the_grid_square_5x5_prize_junk,
          minmay_the_grid_square_5x5_prize_snowflake,
          minmay_the_grid_square_5x5_two_small,
          minmay_the_grid_square_5x5_three_small, minmay_the_grid_square_5x5_c,
          minmay_the_grid_square_5x5_intrusive_squares,
          minmay_the_grid_square_5x5_fancy_junction], layout_grid_maze,
          enter_bailey_2, serial_shops, shop, minmay_fractal_squares_diagonal_5,
          uniq_harold
D:12:     layout_cave_pools, kennysheep_generic_room_12
D:13:     layout_long_grid, introduction_to_nature_1, uniq_nessos
D:14:     layout_roguey, skrybe_vaults_entry_preservation,
          gammafunk_ghost_abyssal_escape, grunt_decor_fettered, special_room
          [special_room_orc], nrook_loot_triangle, hangedman_decor_growths,
          evilmike_minifort
D:15:     gammafunk_depths_entry_grave, layout_irregular_city,
          chequers_serial_rivers_micro_e, lightli_airlock
Temple:   jpeg_temple_island

Skill      XL: |  1  2  3  4  5  6  7  8  9 10 11 12 |
---------------+-------------------------------------+-----
Throwing       | 2 3 4 5 6 7 9 10 | 10.5
Dodging        | 3 4 5 6 7 |  7.8
Maces & Flails | 4 5 6 7 8 10 11 | 11.5
Fighting       | 3 4 5 6 7 8 9 |  9.0
Shields        | 1 4 |  4.0
Invocations    | 4 6 |  6.3
Evocations     | 4 6 |  6.1

Action                   |  1- 3 |  4- 6 |  7- 9 | 10-12 || total
-------------------------+-------+-------+-------+-------++-------
Melee: Flail             |   102 |   196 |   434 |   832 ||  1564
       Tailslap          |     8 |    29 |    66 |   154 ||   257
Invok: Disaster Area     |       |       |       |     3 ||     3
       Elemental Force   |       |       |       |     3 ||     3
       Upheaval          |       |       |       |     1 ||     1
 Abil: Breathe Dispellin |       |       |     7 |     6 ||    13
       Evoke Flight      |       |       |       |     4 ||     4
       Stop Flying       |       |       |       |     1 ||     1
Evoke: Wand              |       |       |     6 |    34 ||    40
       Phantom mirror    |       |       |       |     1 ||     1
  Use: Potion            |       |       |     2 |     3 ||     5
       Scroll            |       |       |       |    36 ||    36
 Stab: Sleeping          |     3 |       |       |       ||     3
Armor: Skin              |    33 |   109 |   224 |   247 ||   613
Dodge: Dodged            |   101 |   180 |   360 |   495 ||  1136
       Repelled          |       |       |       |     4 ||     4
Block: Other             |       |     3 |    10 |       ||    13
       Buckler           |       |       |   128 |   418 ||   546
       Kite shield       |       |       |       |    74 ||    74
